 Dungeon Crawl Stone Soup version 0.20.1-1-g8b1a95d (webtiles) character file.

765 equalderp2856 the Ducker (level 7, -2/36 HPs)
             Began as a Spriggan Fighter on July 21, 2017.
             Killed from afar by an orc wizard (11 damage)
             ... with a magic dart
             ... on level 5 of the Dungeon.
             The game lasted 00:26:53 (6453 turns).

equalderp2856 the Ducker (Spriggan Fighter)         Turns: 6453, Time: 00:26:54

Health: -2/36      AC:  2    Str: 13    XL:     7   Next: 52%
Magic:  14/14      EV: 21    Int:  9    God:
Gold:   168        SH:  7    Dex: 17    Spells: 14/14 levels left

rFire    . . .     SeeInvis +   a - +0 rapier
rCold    . . .     Gourm    .   c - +0 buckler
rNeg     . . .     Faith    .   b - +0 robe
rPois    .         Spirit   .   (helmet restricted)
rElec    .         Reflect  .   (no cloak)
rCorr    .         Harm     .   (gloves unavailable)
MR       +....                  (boots unavailable)
Stlth    +++.......             (no amulet)
Regen    0.2/turn               J - ring of stealth
MPRegen  0.2/turn               s - ring of loudness (curse)

@: very quick
A: unfitting armour, see invisible, herbivore 3, speed 3, slow metabolism 2
a: no special abilities


You were on level 5 of the Dungeon.
You were full.

You visited 1 branch of the dungeon, and saw 5 of its levels.

You collected 168 gold pieces.

Inventory:

Hand Weapons
 a - a +0 rapier (weapon)
 k - a +0 hunting sling
 v - a +0 dagger
 w - a +0 shortbow
 B - a +0 hunting sling
 G - a +2 hand axe of flaming
 I - a +0 mace of venom
 L - a +0 dagger
 M - a +2 vampiric spear
Missiles
 e - 150 stones (quivered)
 j - 46 bolts
 m - 3 tomahawks
 q - 77 arrows
 r - a throwing net
 C - 40 sling bullets
Armour
 b - a +0 robe (worn)
 c - a +0 buckler (worn)
 u - a +0 robe
 z - a +0 robe
 D - a +0 robe
 F - a +0 robe
 K - a +0 robe
 N - the +4 leather armour of the Fifty Seas {rCorr, unknown}
   (You found it on level 4 of the Dungeon)

   It protects you from acid and corrosion.
Jewellery
 h - a +3 ring of evasion
 i - an uncursed ring of fire
 s - a cursed ring of loudness (right hand)
 H - an uncursed ring of positive energy
 J - a ring of stealth (left hand)
Wands
 P - a wand of clouds (3/9)
Scrolls
 n - 2 scrolls of teleportation {unknown}
 o - a scroll of fear {unknown}
 p - 4 scrolls of remove curse {unknown}
 t - 2 scrolls of enchant armour {unknown}
 x - 4 scrolls of identify {unknown}
 y - a scroll of enchant weapon {unknown}
 A - a scroll of random uselessness {unknown}
 O - a scroll of amnesia {unknown}
 Q - a scroll of noise {unknown}
Potions
 d - a potion of might
 g - a potion of flight {unknown}
 E - a potion of heal wounds {unknown}
Comestibles
 f - a bread ration
 l - a royal jelly


   Skills:
 + Level 3.0 Fighting
 + Level 5.0 Short Blades
 + Level 2.1 Slings
 + Level 6.4 Dodging
 * Level 5.0 Stealth
 + Level 3.0 Shields
 * Level 4.1 Spellcasting


You had 14 spell levels left.
You didn't know any spells.

Dungeon Overview and Level Annotations

Branches:
Dungeon (5/15)             Temple (0/1) D:4

Altars:
Elyvilon
Kikubaaqudgha
Qazlal
Yredelemnul

Annotations:
D:2 1 runed door, Natasha


Innate Abilities, Weirdness & Mutations

You are very small and have problems with some larger weapons.
You are too small for most types of armour.
You have supernaturally acute eyesight. (SInv)
You are a herbivore.
You cover ground extremely quickly.
You need consume almost no food.


Message History

You hit the orc wizard.
The orc wizard is almost dead.
The orc wizard hits you but does no damage.
You closely miss the orc wizard.
The orc wizard is almost dead.
The orc wizard points at you and mumbles some strange words.
The puff of flame misses you. You block the orc wizard's attack.
You hit the orc wizard.
The orc wizard is almost dead.
The orc wizard misses you.
You hit the orc wizard but do no damage.
The orc wizard is almost dead.
The orc wizard gestures at you while chanting.
The magic dart hits you!
* * * LOW HITPOINT WARNING * * *
You barely miss the orc wizard.
The orc wizard is almost dead.
The orc wizard gestures at you while chanting.
The magic dart hits you!
You die...

..#...###..........#
.......##..........#
#.......#..........#
...................#
#.......###.########
........#..........#
.......>#..........#
..h.....#..........#
#.......#......o@.<#
#..................#
.......##..........#
.......##..........#
.......#..##########
...)...#.##
.......#. .......#.
.........#


You could see an orc wizard.

Vanquished Creatures
  2 phantoms (D:4)
  A sky beast (D:5)
  A centaur zombie (D:5)
  2 hounds
  2 orc priests
  Natasha (D:2)
  4 orc wizards
  2 worker ants
  A hound skeleton (D:4)
  A worker ant zombie (D:4)
  8 adders
  An adder zombie (D:3)
  An adder skeleton (D:4)
  A dart slug (D:2)
  4 leopard geckos
  11 orcs
  5 bats
  2 giant cockroaches (D:2)
  6 goblins
  5 hobgoblins
  2 jackals
  4 kobolds
  A ball python (D:4)
  2 frilled lizards
  A rat (D:3)
71 creatures vanquished.

Notes
Turn   | Place    | Note
-------+----------+-------------------------------------------
     0 | D:1      | equalderp2856 the Spriggan Fighter began the quest for the Orb.
     0 | D:1      | Reached XP level 1. HP: 11/11 MP: 2/2
   312 | D:1      | Reached XP level 2. HP: 10/16 MP: 3/3
   648 | D:2      | Found a stormy altar of Qazlal.
   664 | D:2      | Noticed Natasha
   841 | D:2      | Reached skill level 1 in Spellcasting
   855 | D:2      | Reached skill level 1 in Stealth
   855 | D:2      | Reached XP level 3. HP: 6/19 MP: 5/5
  1205 | D:2      | You fall through a shaft!
  1346 | D:3      | Found a faded altar of an unknown god.
  1386 | D:3      | Reached skill level 5 in Dodging
  1454 | D:3      | Reached XP level 4. HP: 13/23 MP: 5/7
  1600 | D:3      | Found an ancient bone altar of Kikubaaqudgha.
  2253 | D:3      | Reached XP level 5. HP: 27/27 MP: 9/9
  2617 | D:2      | Killed Natasha
  2642 | D:2      | Found a runed door.
  3033 | D:2      | Noticed Natasha
  3581 | D:4      | Reached XP level 6. HP: 32/32 MP: 11/11
  3654 | D:4      | Found a basalt altar of Yredelemnul.
  3838 | D:4      | Reached skill level 6 in Dodging
  4073 | D:4      | Found a staircase to the Ecumenical Temple.
  4346 | D:4      | Reached skill level 1 in Slings
  4860 | D:4      | Found a white marble altar of Elyvilon.
  5060 | D:4      | Reached XP level 7. HP: 12/35 MP: 13/13
  5372 | D:4      | Got a twisted leather armour
  5401 | D:5      | Entered Level 5 of the Dungeon
  6221 | D:5      | Reached skill level 5 in Short Blades
  6221 | D:5      | Reached skill level 5 in Stealth
  6453 | D:5      | Killed from afar by an orc wizard

Skill      XL: |  1  2  3  4  5  6  7 |
---------------+----------------------+-----
Spellcasting   | 1 2 3 4 |  4.1
Stealth        | 1 2 3 4 5 |  5.0
Dodging        | 5 6 |  6.4
Short Blades   | 3 4 5 |  5.0
Slings         | 2 |  2.1
Shields        | 3 |  3.0
Fighting       | 3 |  3.0

Action                   |  1- 3 |  4- 6 |  7- 9 || total
-------------------------+-------+-------+-------++-------
Melee: Rapier            |   111 |   256 |    71 ||   438
 Fire: Hunting sling     |       |    30 |     3 ||    33
Throw: Stone             |       |     4 |       ||     4
  Use: Potion            |     3 |       |       ||     3
       Scroll            |     1 |       |       ||     1
 Stab: Sleeping          |     2 |     5 |     1 ||     8
       Distracted        |       |     1 |       ||     1
  Eat: Bread ration      |       |       |     1 ||     1
       Royal jelly       |       |       |     1 ||     1
Armor: Robe              |     6 |    12 |     2 ||    20
Dodge: Dodged            |    95 |   184 |    46 ||   325
Block: Buckler           |    33 |    72 |    16 ||   121
